TOP OF THE 1ST |
Peoria Chiefs batting - Pitching for South Bend Cubs : RHP Roberto Cruz
|
Pitching: RHP Roberto Cruz
|
|
Batting: LHB Tsutomu Miyahara
|
0-0: Ball 1-0: Ball 2-0: Foul Ball, location: 2F 2-1: Swinging Strike 2-2: Strikes out swinging
|
Batting: RHB Robby Hickman
|
0-0: Ball 1-0: Ball 2-0: Called Strike 2-1: Foul Ball, location: 2F 2-2: Strikes out swinging
|
Batting: SHB Gerardo Macias
|
0-0: SINGLE (Groundball, 34D, EV 108.1 MPH)
|
Batting: LHB Dana McDonald
|
0-0: Foul Ball, location: 2F 0-1: Called Strike Gerardo Macias is caught stealing 2nd base 2-6
|
Top of the 1st over - 0 runs, 1 hit, 0 errors, 0 left on base; Peoria 0 - South Bend 0 |
BOTTOM OF THE 1ST |
South Bend Cubs batting - Pitching for Peoria Chiefs : LHP Nigel Turner
|
Pitching: LHP Nigel Turner
|
|
Batting: RHB Puluke Konane
|
0-0: Called Strike 0-1: Ball 1-1: Foul Ball, location: 2F 1-2: Ball 2-2: Ball 3-2: Ground out 6-3 (Groundball, 6, EV 106.9 MPH)
|
Batting: RHB Andy Huntley
|
0-0: Ball 1-0: Ball 2-0: Foul Ball, location: 2F 2-1: Ball 3-1: Called Strike 3-2: Foul Ball, location: 2F 3-2: SINGLE (Groundball, 15S, EV 68.8 MPH) (infield hit)
|
Pinch Runner at 1st Taylor Garofalo:
|
|
Batting: RHB Han-seung Hah
|
0-0: Grounds into double play, 5-4-3 (Groundball, 56, EV 100.6 MPH)
|
Bottom of the 1st over - 0 runs, 1 hit, 0 errors, 0 left on base; Peoria 0 - South Bend 0 |
TOP OF THE 2ND |
Peoria Chiefs batting - Pitching for South Bend Cubs : RHP Roberto Cruz
|
Now in CF: Taylor Garofalo
|
|
Batting: LHB Dana McDonald
|
0-0: Called Strike 0-1: SINGLE (Groundball, 4MD, EV 100.0 MPH)
|
Batting: RHB Jonathan Davis
|
0-0: Called Strike 0-1: Ball 1-1: Fly out, F2 (Popup, 5SF, EV 78.8 MPH)
|
Batting: SHB Jorge Brito
|
0-0: Ball 1-0: Foul Ball, location: 2F 1-1: Ball 2-1: Ball Dana McDonald is caught stealing 2nd base 2-6 3-1: Called Strike 3-2: Strikes out looking
|
Top of the 2nd over - 0 runs, 1 hit, 0 errors, 0 left on base; Peoria 0 - South Bend 0 |
BOTTOM OF THE 2ND |
South Bend Cubs batting - Pitching for Peoria Chiefs : LHP Nigel Turner
|
Batting: RHB Josh Burns
|
0-0: Ball 1-0: Ground out 5-3 (Groundball, 56, EV 80.6 MPH)
|
Batting: RHB Denis Rachin
|
0-0: Ball 1-0: Swinging Strike 1-1: Ground out 6-3 (Groundball, 6, EV 91.2 MPH)
|
Batting: RHB Hugo Torrez
|
0-0: Swinging Strike 0-1: Foul Ball, location: 2F 0-2: Ball 1-2: Foul Ball, location: 2F 1-2: Fly out, F7 (Flyball, 78M, EV 93.1 MPH)
|
Bottom of the 2nd over - 0 runs, 0 hits, 0 errors, 0 left on base; Peoria 0 - South Bend 0 |
TOP OF THE 3RD |
Peoria Chiefs batting - Pitching for South Bend Cubs : RHP Roberto Cruz
|
Batting: RHB Josh Broome
|
0-0: Ball 1-0: Foul Ball, location: 2F 1-1: Ground out 6-3 (Groundball, 6, EV 89.4 MPH)
|
Batting: RHB Herbert Loveless
|
0-0: Ground out 5-3 (Groundball, 56, EV 81.9 MPH)
|
Batting: SHB Hank Arias
|
0-0: Ball 1-0: Ball 2-0: Ball 3-0: Base on Balls
|
Batting: LHB Tsutomu Miyahara
|
0-0: Ball 1-0: Ball 2-0: Called Strike 2-1: Ball 3-1: Foul Ball, location: 2F 3-2: Foul Ball, location: 2F 3-2: Foul Ball, location: 2F 3-2: Base on Balls Hank Arias to second
|
Batting: RHB Robby Hickman
|
0-0: Ball 1-0: Ball 2-0: Swinging Strike 2-1: Fly out, F8 (Line Drive, 8LM, EV 90.0 MPH)
|
Top of the 3rd over - 0 runs, 0 hits, 0 errors, 2 left on base; Peoria 0 - South Bend 0 |
BOTTOM OF THE 3RD |
South Bend Cubs batting - Pitching for Peoria Chiefs : LHP Nigel Turner
|
Batting: RHB Ryan Bush
|
0-0: Called Strike 0-1: Ball 1-1: Ball 2-1: Swinging Strike 2-2: Foul Ball, location: 2F 2-2: Strikes out swinging
|
Batting: LHB Adam Conover
|
0-0: Called Strike 0-1: Ground out U3 (Groundball, 34, EV 103.1 MPH)
|
Batting: LHB Hiroki Yamamoto
|
0-0: Called Strike 0-1: Swinging Strike 0-2: Ball 1-2: Foul Ball, location: 2F 1-2: Ball 2-2: Strikes out swinging
|
Bottom of the 3rd over - 0 runs, 0 hits, 0 errors, 0 left on base; Peoria 0 - South Bend 0 |
TOP OF THE 4TH |
Peoria Chiefs batting - Pitching for South Bend Cubs : RHP Roberto Cruz
|
Batting: SHB Gerardo Macias
|
0-0: Ball 1-0: Ball 2-0: Ball 3-0: Called Strike 3-1: Foul Ball, location: 2F 3-2: Base on Balls
|
Batting: LHB Dana McDonald
|
0-0: Called Strike 0-1: Fly out, F7 (Flyball, 7LM, EV 88.1 MPH)
|
Batting: RHB Jonathan Davis
|
0-0: Fielders Choice at 2nd, 5-4 (Groundball, 56S, EV 81.9 MPH)
|
Batting: SHB Jorge Brito
|
0-0: Ball 1-0: Foul Ball, location: 2F 1-1: Ball 2-1: Ball 3-1: Base on Balls Jonathan Davis to second
|
Batting: RHB Josh Broome
|
0-0: Ball 1-0: Ground out U3 (Groundball, 3L, EV 106.2 MPH)
|
Top of the 4th over - 0 runs, 0 hits, 0 errors, 2 left on base; Peoria 0 - South Bend 0 |
BOTTOM OF THE 4TH |
South Bend Cubs batting - Pitching for Peoria Chiefs : LHP Nigel Turner
|
Batting: RHB Puluke Konane
|
0-0: Ball 1-0: Called Strike 1-1: Ball 2-1: Ground out 6-3 (Groundball, 6S, EV 89.4 MPH)
|
Batting: RHB Taylor Garofalo
|
0-0: Ball 1-0: Foul Ball, location: 2F 1-1: Ball 2-1: Foul Ball, location: 2F 2-2: Foul Ball, location: 2F 2-2: Ball 3-2: Strikes out looking
|
Batting: RHB Han-seung Hah
|
0-0: Reached on error, E5 (Groundball, 5, EV 88.8 MPH)
|
Batting: RHB Josh Burns
|
0-0: Called Strike 0-1: Ball 1-1: Called Strike 1-2: Fly out, F3 (Popup, 3L, EV 66.9 MPH)
|
Bottom of the 4th over - 0 runs, 0 hits, 1 error, 1 left on base; Peoria 0 - South Bend 0 |
TOP OF THE 5TH |
Peoria Chiefs batting - Pitching for South Bend Cubs : RHP Roberto Cruz
|
Batting: RHB Herbert Loveless
|
0-0: Ball 1-0: Swinging Strike 1-1: Ground out 6-3 (Groundball, 6, EV 86.2 MPH)
|
Batting: SHB Hank Arias
|
0-0: Called Strike 0-1: Ball 1-1: Ball 2-1: Ball 3-1: Foul Ball, location: 2F 3-2: Strikes out looking
|
Batting: LHB Tsutomu Miyahara
|
0-0: Ball 1-0: Ball 2-0: Foul Ball, location: 2F 2-1: Ball 3-1: Base on Balls
|
Batting: RHB Robby Hickman
|
0-0: Called Strike 0-1: Ball 1-1: Called Strike 1-2: Strikes out swinging
|
Top of the 5th over - 0 runs, 0 hits, 0 errors, 1 left on base; Peoria 0 - South Bend 0 |
BOTTOM OF THE 5TH |
South Bend Cubs batting - Pitching for Peoria Chiefs : LHP Nigel Turner
|
Batting: RHB Denis Rachin
|
0-0: Called Strike 0-1: Ball 1-1: Called Strike 1-2: Ground out 5-3 (Groundball, 56, EV 105.6 MPH)
|
Batting: RHB Hugo Torrez
|
0-0: Ball 1-0: DOUBLE (Groundball, 5L, EV 107.5 MPH)
|
Batting: RHB Ryan Bush
|
0-0: SINGLE (Groundball, 56, EV 98.8 MPH) Hugo Torrez to third
|
Batting: LHB Adam Conover
|
0-0: Swinging Strike 0-1: Ball 1-1: Foul Ball, location: 2F 1-2: Ball 2-2: Ball 3-2: Strikes out swinging
|
Batting: LHB Hiroki Yamamoto
|
0-0: Ball 1-0: Ball 2-0: Foul Ball, location: 2F 2-1: Foul Ball, location: 2F 2-2: Strikes out swinging
|
Bottom of the 5th over - 0 runs, 2 hits, 0 errors, 2 left on base; Peoria 0 - South Bend 0 |
TOP OF THE 6TH |
Peoria Chiefs batting - Pitching for South Bend Cubs : RHP Roberto Cruz
|
Batting: SHB Gerardo Macias
|
0-0: Foul Ball, location: 2F 0-1: Swinging Strike 0-2: Strikes out swinging
|
Batting: LHB Dana McDonald
|
0-0: Ball 1-0: Called Strike 1-1: SINGLE (Flyball, 89S, EV 98.1 MPH)
|
Pitching: LHP Tom Mooney
|
|
Batting: RHB Jonathan Davis
|
0-0: Foul Ball, location: 2F 0-1: Ball 1-1: Ball 2-1: Called Strike 2-2: Ball 3-2: Grounds into double play, 3-6-1 (Groundball, 3, EV 86.9 MPH)
|
Top of the 6th over - 0 runs, 1 hit, 0 errors, 0 left on base; Peoria 0 - South Bend 0 |
BOTTOM OF THE 6TH |
South Bend Cubs batting - Pitching for Peoria Chiefs : LHP Nigel Turner
|
Batting: RHB Puluke Konane
|
0-0: Ball 1-0: Foul Ball, location: 2F 1-1: Swinging Strike 1-2: Ball 2-2: Foul Ball, location: 2F 2-2: Fly out, F9 (Flyball, 9D, EV 85.0 MPH)
|
Batting: RHB Taylor Garofalo
|
0-0: Called Strike 0-1: Foul Ball, location: 2F 0-2: Ball 1-2: Foul Ball, location: 2F 1-2: Foul Ball, location: 2F 1-2: Strikes out swinging
|
Batting: RHB Han-seung Hah
|
0-0: Called Strike 0-1: Ball 1-1: Ball 2-1: Ball 3-1: Called Strike 3-2: Base on Balls
|
Batting: RHB Josh Burns
|
0-0: Ball 1-0: Called Strike 1-1: Foul Ball, location: 2F 1-2: Fly out, F9 (Line Drive, 89M, EV 100.6 MPH)
|
Bottom of the 6th over - 0 runs, 0 hits, 0 errors, 1 left on base; Peoria 0 - South Bend 0 |
TOP OF THE 7TH |
Peoria Chiefs batting - Pitching for South Bend Cubs : LHP Tom Mooney
|
Pitching: LHP Eddie Panagos
|
|
Batting: SHB Jorge Brito
|
0-0: Ball 1-0: Foul Ball, location: 2F 1-1: Ball 2-1: Called Strike 2-2: Strikes out swinging, 2-3 out at first.
|
Batting: RHB Josh Broome
|
0-0: Ball 1-0: Ball 2-0: Ball 3-0: Base on Balls
|
Batting: RHB Herbert Loveless
|
0-0: Swinging Strike 0-1: Swinging Strike 0-2: Foul Ball, location: 2F 0-2: Foul Ball, location: 2F 0-2: Strikes out swinging
|
Batting: SHB Hank Arias
|
0-0: Ball 1-0: Ball 2-0: Foul Ball, location: 2F 2-1: Swinging Strike 2-2: Strikes out swinging
|
Top of the 7th over - 0 runs, 0 hits, 0 errors, 1 left on base; Peoria 0 - South Bend 0 |
BOTTOM OF THE 7TH |
South Bend Cubs batting - Pitching for Peoria Chiefs : LHP Nigel Turner
|
Batting: RHB Denis Rachin
|
0-0: Ball 1-0: Ball 2-0: Foul Ball, location: 2F 2-1: DOUBLE (Line Drive, 7LS, EV 103.8 MPH)
|
Batting: RHB Hugo Torrez
|
0-0: Ball 1-0: Ball 2-0: Foul Ball, location: 2F 2-1: Ball 3-1: Base on Balls
|
Batting: RHB Ryan Bush
|
0-0: Fly out, F8 (Flyball, 8LD, EV 91.9 MPH)
|
Pinch Hitting: RHB Juan Bonilla
|
0-0: Swinging Strike 0-1: Foul Ball, location: 2F 0-2: SINGLE (Flyball, 3D, EV 96.9 MPH) Denis Rachin to third Hugo Torrez to second
|
Batting: LHB Hiroki Yamamoto
|
0-0: Ball Wild Pitch! Denis Rachin scores Hugo Torrez to third Juan Bonilla to second 1-0: SINGLE (Groundball, 4MD, EV 96.9 MPH) Hugo Torrez scores Juan Bonilla to third Throwing error, E8 Juan Bonilla scores Hiroki Yamamoto to second
|
Pitching: RHP Juan Gomez
|
|
Batting: RHB Puluke Konane
|
0-0: Ball 1-0: Ball 2-0: Called Strike 2-1: Ball 3-1: Fly out, F9 (Line Drive, 9, EV 105.6 MPH)
|
Batting: RHB Taylor Garofalo
|
0-0: DOUBLE (Groundball, 5L, EV 96.2 MPH) Hiroki Yamamoto scores
|
Batting: RHB Han-seung Hah
|
0-0: Called Strike 0-1: Called Strike 0-2: Strikes out swinging
|
Bottom of the 7th over - 4 runs, 4 hits, 1 error, 1 left on base; Peoria 0 - South Bend 4 |
TOP OF THE 8TH |
Peoria Chiefs batting - Pitching for South Bend Cubs : LHP Eddie Panagos
|
Pitching: RHP Eric Allen
|
|
Now at 2B: Kwang-chih Men
|
|
Now at 3B: Ryan Bush
|
|
Batting: LHB Tsutomu Miyahara
|
0-0: Ball 1-0: Foul Ball, location: 2F 1-1: Ball 2-1: Swinging Strike 2-2: Strikes out swinging
|
Batting: RHB Robby Hickman
|
0-0: Ball 1-0: Ball 2-0: Called Strike 2-1: SINGLE (Groundball, 6MD, EV 106.2 MPH)
|
Batting: SHB Gerardo Macias
|
0-0: Called Strike 0-1: Called Strike 0-2: Ball 1-2: Ball 2-2: SINGLE (Groundball, 34D, EV 100.6 MPH) Robby Hickman to second Runner from 2nd tries for 3rd, SAFE, no throw by RF
|
Batting: LHB Dana McDonald
|
0-0: Ball 1-0: Foul Ball, location: 2F 1-1: Ball 2-1: Ball Passed Ball! Robby Hickman scores Gerardo Macias to second 3-1: Base on Balls
|
Batting: RHB Jonathan Davis
|
0-0: Ball Passed Ball! Gerardo Macias to third Dana McDonald to second 1-0: Fly out, F7 (Flyball, 7, EV 80.0 MPH)
|
Batting: SHB Jorge Brito
|
0-0: Ball 1-0: Ball 2-0: Ball 3-0: Called Strike 3-1: Base on Balls
|
Batting: RHB Josh Broome
|
0-0: Called Strike 0-1: Ball 1-1: Called Strike 1-2: Strikes out looking
|
Top of the 8th over - 1 run, 2 hits, 0 errors, 3 left on base; Peoria 1 - South Bend 4 |
BOTTOM OF THE 8TH |
South Bend Cubs batting - Pitching for Peoria Chiefs : RHP Juan Gomez
|
Batting: RHB Josh Burns
|
0-0: Ball 1-0: Called Strike 1-1: Ground out 5-3 (Groundball, 56, EV 85.6 MPH)
|
Batting: RHB Denis Rachin
|
0-0: Called Strike 0-1: Ball 1-1: Ball 2-1: Called Strike 2-2: Foul Ball, location: 2F 2-2: Ball 3-2: Foul Ball, location: 2F 3-2: SINGLE (Groundball, 6MD, EV 98.1 MPH)
|
Batting: RHB Hugo Torrez
|
0-0: Called Strike 0-1: Foul Ball, location: 2F 0-2: Strikes out swinging
|
Batting: RHB Ryan Bush
|
0-0: Fly out, F5 (Popup, 5SF, EV 73.1 MPH)
|
Bottom of the 8th over - 0 runs, 1 hit, 0 errors, 1 left on base; Peoria 1 - South Bend 4 |
TOP OF THE 9TH |
Peoria Chiefs batting - Pitching for South Bend Cubs : RHP Eric Allen
|
Pitching: RHP Jose Mata
|
|
Batting: RHB Herbert Loveless
|
0-0: Ball 1-0: Called Strike 1-1: Ball 2-1: Foul Ball, location: 2F 2-2: Foul Ball, location: 2F 2-2: Ball 3-2: Base on Balls
|
Batting: SHB Hank Arias
|
0-0: Ball 1-0: Ball 2-0: Called Strike 2-1: Called Strike 2-2: Foul Ball, location: 2F 2-2: Strikes out looking
|
Batting: LHB Tsutomu Miyahara
|
0-0: Called Strike 0-1: Called Strike 0-2: Ball 1-2: Fly out, F3 (Popup, 34S, EV 71.9 MPH)
|
Batting: RHB Robby Hickman
|
0-0: Ball 1-0: Ball 2-0: Called Strike 2-1: Ball 3-1: Called Strike 3-2: Base on Balls Herbert Loveless to second
|
Batting: SHB Gerardo Macias
|
0-0: Ball 1-0: Ball 2-0: Ball 3-0: Called Strike 3-1: Base on Balls Herbert Loveless to third Robby Hickman to second
|
Batting: LHB Dana McDonald
|
0-0: Ball 1-0: Ball Passed Ball! Herbert Loveless scores Robby Hickman to third Gerardo Macias to second 2-0: Called Strike 2-1: Called Strike 2-2: Ball 3-2: Foul Ball, location: 2F 3-2: Base on Balls
|
Batting: RHB Jonathan Davis
|
0-0: Ball 1-0: Foul Ball, location: 2F 1-1: Foul Ball, location: 2F 1-2: Reached on error, E6 (Groundball, 6, EV 93.1 MPH) Robby Hickman scores Gerardo Macias to third Dana McDonald to second
|
Batting: SHB Jorge Brito
|
0-0: Called Strike 0-1: Ball Wild Pitch! Gerardo Macias scores Dana McDonald to third Jonathan Davis to second 1-1: Called Strike 1-2: Strikes out swinging
|
Top of the 9th over - 3 runs, 0 hits, 1 error, 2 left on base; Peoria 4 - South Bend 4 |
BOTTOM OF THE 9TH |
South Bend Cubs batting - Pitching for Peoria Chiefs : RHP Juan Gomez
|
Pitching: RHP Nick Butler
|
|
Batting: LHB Kwang-chih Men
|
0-0: Foul Ball, location: 2F 0-1: Called Strike 0-2: Ball 1-2: Strikes out swinging
|
Batting: LHB Hiroki Yamamoto
|
0-0: SINGLE (Line Drive, 8LS, EV 110.0 MPH)
|
Batting: RHB Puluke Konane
|
0-0: Ball 1-0: Reached on error, E5 (Groundball, 56S, EV 85.6 MPH) Hiroki Yamamoto to second
|
Batting: RHB Taylor Garofalo
|
0-0: Foul Ball, location: 2F 0-1: Foul Ball, location: 2F 0-2: Ball 1-2: SINGLE (Line Drive, 4MD, EV 101.2 MPH) Hiroki Yamamoto to third Puluke Konane to second Throwing error, E8 Hiroki Yamamoto scores
|
Bottom of the 9th over - 1 run, 2 hits, 2 errors, 2 left on base; Peoria 4 - South Bend 5 |
|